AoeStats
← Kevin Durant

Arabia

505179816Analyzed
2v2 RM · 26d ago on Sep 8, 2026· 28m 16s· 4 players
Game mode
Random Map
Map size
Medium (4 player)
Population
200
Speed
Normal
Resources
Standard
Victory
Conquest
Starting age
Dark Age
Ending age
Imperial Age
RankedLock teamsTeams togetherTeam positionsShared explorationLock speedFull tech treeHidden civsTurbo modeCheats
Victory
Defeat
🇩🇪 Britons · Germany
1071
+17
🇨🇳 Huns · China
1021
+33
🇩🇪 Tatars · Germany
1120
-19
🇭🇰 Mongols · Hong Kong SAR China
1062
-32
Kevin Durant
9:15 Feudal Age
8:46 Loom
12:39 Fletching
14:01 Horse Collar
21:26 Castle Age
20:08 Double-Bit Axe
21:49 Crossbowman
23:32 Wheelbarrow
25:52 Bodkin Arrow
游戏虽菜但人很帅
10:00 Feudal Age
12:24 Double-Bit Axe
14:46 Horse Collar
16:05 Bloodlines
18:07 Scale Barding Armor
24:28 Castle Age
22:59 Stone Mining
25:29 Chain Barding Armor
Nitrochui
2:10 Loom
12:18 Feudal Age
17:58 Castle Age
19:02 Double-Bit Axe
20:00 Wheelbarrow
20:29 Horse Collar
22:28 Stone Mining
22:35 Pikeman
23:28 Scale Mail Armor
26:47 Fletching
KarlDerGrausame
5:10 Loom
11:01 Feudal Age
16:25 Wheelbarrow
21:01 Castle Age
20:09 Fletching
22:20 Double-Bit Axe
24:19 Horse Collar
25:30 Bow Saw
28:09 Bodkin Arrow
Connection lost

Rejoining the realm…

Still unreachable

The connection could not be restored.

Session expired

The server has moved on; the page needs a fresh start.